 Dungeon Crawl Stone Soup version 0.20.1-1-g8b1a95d (webtiles) character file.

468730 vatarom the Lord of Darkness (level 23, -5/201 HPs)
             Began as a Demonspawn Necromancer on Oct 9, 2017.
             Was the Champion of Kikubaaqudgha.
             Killed from afar by a Brimstone Fiend (35 damage)
             ... with damnation
             ... summoned by an ancient lich
             ... on level 3 of the Crypt on Oct 10, 2017.
             The game lasted 03:43:06 (57109 turns).

vatarom the Lord of Darkness (DsNe)                Turns: 57109, Time: 03:43:08

Health: -5/201     AC: 19    Str: 12    XL:     23   Next: 49%
Magic:  26/43      EV: 22    Int: 25    God:    Kikubaaqudgha [******]
Gold:   2462       SH: 15    Dex: 24    Spells: 12/55 levels left

rFire    + . .     SeeInvis .   X - +9 demon blade (pain)
rCold    + + .     Gourm    .   x - +0 buckler {AC+3}
rNeg     + . .     Faith    .   y - +1 ring mail of Forking Paths {rCorr Int+6}
rPois    +         Spirit   .   T - +2 helmet of Defiance {rC+ rCorr Dex+2}
rElec    +         Reflect  .   o - scarf {repulsion}
rCorr    +         Harm     .   K - +3 pair of gauntlets of War {Slay+5}
MR       ++++.                  (boots unavailable)
Stlth    ++++++....             p - amulet "Econup" {RegenMP *Drain rF+ rC+}
Regen    0.5/turn               n - ring "Ceteug" {rElec MR+ Str-3 Dex+4 Slay+6}
MPRegen  0.5/turn               C - ring "Camu" {rElec rPois Dex+3 Slay+2}

@: very slightly contaminated, drained, repel missiles
A: hooves 3, large bone plates 3, demonic guardian 3, magic resistance 2,
negative energy resistance 1, nightstalker 3, robust 1
}: 2/15 runes: barnacled, gossamer
a: Receive Corpses, Torment, Renounce Religion


You were on level 3 of the Crypt.
You worshipped Kikubaaqudgha.
Kikubaaqudgha was exalted by your worship.
You were hungry.

You visited 10 branches of the dungeon, and saw 47 of its levels.
You visited the Abyss 1 time.
You visited 1 bazaar.
You also visited: Trove and Ice Cave.

You collected 6250 gold pieces.
You spent 3788 gold pieces at shops.

Inventory:

Hand Weapons
 X - a +9 demon blade of pain (weapon)
Armour
 o - a scarf of repulsion (worn)
 r - a scarf of cloud immunity
 x - a +0 buckler of protection (worn)
 y - the +1 ring mail of Forking Paths (worn) {rCorr Int+6}
   (You found it on level 8 of the Dungeon)

   It affects your intelligence (+6).
   It protects you from acid and corrosion.
 K - the +3 pair of gauntlets of War (worn) {Slay+5}
   (You found it on level 1 of the Vaults)

   It affects your accuracy and damage with ranged weapons and melee attacks
   (+5).
 T - the +2 helmet of Defiance (worn) {rC+ rCorr Dex+2}
   (You found it on level 4 of the Shoals)

   It affects your dexterity (+2).
   It protects you from cold.
   It protects you from acid and corrosion.
Jewellery
 n - the ring "Ceteug" (left hand) {rElec MR+ Str-3 Dex+4 Slay+6}
   (You bought it in a shop on level 2 of the Orcish Mines)

   [ring of dexterity]

   It affects your strength (-3).
   It affects your dexterity (+4).
   It affects your accuracy and damage with ranged weapons and melee attacks
   (+6).
   It insulates you from electricity.
   It affects your resistance to hostile enchantments.
 p - the amulet "Econup" (around neck) {RegenMP *Drain rF+ rC+}
   (You found it in a treasure trove)

   [amulet of magic regeneration]

   It increases your magic regeneration.
   It protects you from fire.
   It protects you from cold.
   It causes draining when unequipped.
 C - the ring "Camu" (right hand) {rElec rPois Dex+3 Slay+2}
   (You took it off a merfolk siren on level 4 of the Shoals)

   [ring of dexterity]

   It affects your dexterity (+3).
   It affects your accuracy and damage with ranged weapons and melee attacks
   (+2).
   It insulates you from electricity.
   It protects you from poison.
 Z - an uncursed ring of see invisible
Wands
 b - a wand of digging (14/24)
 e - a wand of iceblast (6/15)
 f - a wand of clouds (2/9)
 j - a wand of polymorph (15/24)
 k - a wand of scattershot (3/9)
 G - a wand of clouds (4/9)
 I - a wand of acid (7/15)
 N - a wand of iceblast (11/15)
 O - a wand of polymorph (11/24)
 Y - a wand of scattershot (5/9)
Scrolls
 a - 7 scrolls of recharging
 d - 4 scrolls of amnesia
 g - 22 scrolls of remove curse
 i - 2 scrolls of enchant armour
 H - 14 scrolls of fog
 J - 3 scrolls of magic mapping
 L - 16 scrolls of teleportation
 R - 5 scrolls of fear
 U - 2 scrolls of enchant weapon
 V - a scroll of blinking
Potions
 l - 3 potions of magic
 m - 4 potions of agility
 s - 5 potions of ambrosia
 v - 7 potions of curing
 w - 7 potions of flight
 z - 4 potions of haste
 A - 3 potions of cancellation
 B - 10 potions of might
 D - 5 potions of resistance
 S - a potion of berserk rage
Books
 u - a Necronomicon

   Spells                             Type                      Level
   a - Haunt                          Necromancy/Summoning         7
   b - Borgnjor's Revivification      Necromancy                   8
   c - Death's Door                   Charms/Necromancy            8
   d - Infestation                    Necromancy                   8
   e - Necromutation                  Transmutation/Necromancy     8
Miscellaneous
 E - 3 boxes of beasts
 F - a lamp of fire
 Q - 3 sacks of spiders
 W - a phial of floods
Comestibles
 c - 7 bread rations
 h - 6 meat rations
 q - 18 fruits
 t - 27 royal jellies


   Skills:
 - Level 15.6(15.2) Fighting
 - Level 15.7(15.3) Long Blades
   Level 3.1(2.8) Slings
 - Level 10.4(10.0) Armour
 - Level 14.2(13.8) Dodging
 - Level 6.8(6.4) Stealth
 - Level 7.3(6.9) Shields
 + Level 16.9(16.4) Spellcasting
 * Level 20.1(19.6) Necromancy
 - Level 15.8(15.4) Evocations


You had 12 spell levels left.
You knew the following spells:

 Your Spells              Type           Power        Failure   Level  Hunger
a - Pain                  Necr           ####         0%          1    None
b - Animate Skeleton      Necr           N/A          0%          1    None
c - Vampiric Draining     Necr           #######...   0%          3    None
d - Control Undead        Necr           #######...   0%          4    None
e - Animate Dead          Necr           N/A          0%          4    None
f - Regeneration          Chrm/Necr      ######....   1%          3    None
g - Death Channel         Necr           #######...   1%          6    ####...
h - Sublimation of Blood  Necr           #######...   0%          2    None
i - Agony                 Necr           #######.     1%          5    None
j - Dispel Undead         Necr           #######.     1%          5    None
k - Apportation           Tloc           ###...       4%          1    None
l - Infestation           Necr           #######...   10%         8    #######


Dungeon Overview and Level Annotations

Branches:
Dungeon (15/15)            Temple (1/1) D:6            Lair (6/6) D:8
 Shoals (4/4) Lair:2       Spider (4/4) Lair:3        Slime (0/5) Lair:6
    Orc (2/2) D:11            Elf (3/3) Orc:2        Vaults (4/5) D:13
  Crypt (3/3) Vaults:2       Tomb (0/3) Crypt:3      Depths (5/5) D:15
    Zot (0/5) Depths:5

Altars:
Ashenzari
Cheibriados
Dithmenos
Elyvilon
Fedhas
Gozag
Hepliaklqana
Kikubaaqudgha
Makhleb
Nemelex Xobeh
Okawaru
Qazlal
Ru
Sif Muna
Trog
Uskayaw
Vehumet
Xom
Yredelemnul
Zin
The Shining One
Jiyva

Shops:
D:4 }   D:5 *   D:6 *   D:15 *   Orc:1 :   Orc:2 ?!}=   Shoals:3 *   Vaults:2 (
Depths:1 (   Depths:4 *   Depths:5 (

Portals:
Hell: Depths:1 Depths:2 Depths:3 Depths:4 Depths:5
Abyss: Depths:2 Depths:4 Depths:5
Pandemonium: Depths:3 Depths:5
Ziggurat: Depths:3

Annotations:
D:3 1 exclusion
D:4 exclusion: statue
D:14 1 runed door
Spider:1 2 transporters
Orc:2 1 runed door, exclusion: 3 orange crystal statues
Elf:2 5 runed doors
Vaults:4 Mennas
Depths:3 exclusion: orange crystal statue


Innate Abilities, Weirdness & Mutations

You have hooves in place of feet.
You are completely covered in large bone plates. (SH +8)
A powerful demonic guardian rushes to your aid.
You resist negative energy. (rN+)
You are completely attuned to the shadows.
You are highly resistant to hostile enchantments. (MR++)
You are robust. (+10% HP)


Message History

Your death scarab bites the hell knight!
The hell knight dies!
Kikubaaqudgha accepts your kill.
A death scarab bursts from the hell knight!
Your death scarab closely misses something.
Something touches you!
* * * LOW HITPOINT WARNING * * *
You partially resist.
You feel drained.
The Brimstone Fiend barely misses your death scarab.
The Brimstone Fiend hits your death scarab. x2
Okay, then.
Blink to where?
Press: ? - help, Dir - move target cursor You are very lightly contaminated with residual magic.
As you read the scroll of blinking, it crumbles to dust.
Your death scarab bites the Brimstone Fiend!!
The Brimstone Fiend gestures at you.
The sphere of damnation explodes!
The damnation engulfs you!
You die...
Kikubaaqudgha rasps: "You have failed me!
Welcome... death!"

......#..........# #...s.s....
......#...###....# #..s.###...
..#'###....##.### ###.##....#
####...##....###........###....##
'..)..####....# ⌠.._s..⌠.#s.s.##.
#.....'. ##...##........##sss###.
'.....###.##...###⌠).⌠###.ss##.#!
#.)...'.#..##....##)§##...s##..##
'.....###...##..@....)....##...#.
#.......'....##..s..1....##....'.
+.....###.....##........##.....#.
#.....' #..... ##......##......#.
+.....###....##############....##
.#'###....##.....≈≈.....##....#
##....##..............##....
##....##..s.........s...##...
#....##..............))..##..


You could see a Brimstone Fiend and a friendly death scarab.

Vanquished Creatures
  Mara (Depths:2)
  Bai Suzhen (Shoals:4)
  A caustic shrike (Depths:4)
  Saint Roka (Crypt:2)
  2 golden dragons (Depths:4)
  Nikola (Shoals:3)
  Jory (Crypt:3)
  A bone dragon (Depths:5)
  Jorgrun (Elf:3)
  A tentacled monstrosity (Depths:4)
  A titan (Depths:4)
  Asterion (Depths:1)
  A deep elf master archer (Elf:3)
  4 liches
  A deep elf blademaster (Elf:3)
  2 sphinxes
  Kirke (Spider:2)
  A revenant (Crypt:2)
  A shadow dragon (Depths:5)
  Ilsuiw (Shoals:4)
  6 vault wardens
  6 ghost moths
  6 storm dragons
  6 deep elf sorcerers
  9 frost giants
  A draconian knight (Depths:5)
  A draconian scorcher (Depths:5)
  4 deep elf elementalists (Elf:3)
  5 fire giants
  12 ghouls
  2 curse skulls
  An emperor scorpion (Spider:4)
  9 ironheart preservers
  2 war gargoyles (Crypt:3)
  10 very ugly things
  14 stone giants
  4 entropy weavers
  A lorocyproca (Depths:5)
  2 black draconians (Depths:5)
  3 vampire knights
  3 deep elf demonologists (Elf:3)
  10 deep elf annihilators
  A yellow draconian (Depths:5)
  8 spark wasps
  3 eidola (Crypt:2)
  An ettin (Depths:4)
  5 deep elf death magi (Elf:3)
  A crystal guardian (Crypt:3)
  2 merfolk impalers
  A fire dragon (shapeshifter) (Vaults:2)
  2 merfolk javelineers
  9 yaktaur captains
  5 great orbs of eyes
  A vault guard (Vaults:3)
  6 fire dragons
  12 ice dragons
  5 rakshasas
  5 hydras
  A hell beast (Depths:3)
  11 centaur warriors
  10 ogre magi
  29 two-headed ogres
  2 merfolk aquamancers
  2 death knights
  3 death yaks
  16 dancing weapons
  A two-headed ogre (shapeshifter) (Depths:4)
  8 deep troll shamans
  4 deep troll earth magi
  4 spriggan berserkers
  4 tengu warriors
  5 vampire magi
  A shock serpent (shapeshifter) (Elf:2)
  2 orc high priests
  The ghost of digijack the Unseen, a journeyman VSAs of Dithmenos (Orc:1)
  17 deep elf knights
  A soul eater (Crypt:2)
  A titan skeleton (Crypt:3)
  14 skeletal warriors
  8 iron trolls
  2 shadow wraiths
  15 deep trolls
  A sixfirhy (D:8)
  2 unseen horrors
  4 sea snakes
  A deep troll (shapeshifter) (Depths:3)
  18 hell knights
  A golden dragon zombie (Crypt:3)
  10 ironbrand convokers
  16 deep elf archers
  10 necromancers
  A glowing orange brain (Depths:4)
  An iron giant zombie (Crypt:1)
  4 wizards
  3 flayed ghosts
  5 harpies
  4 phantasmal warriors
  2 wolf spider zombies
  5 orb spiders
  9 orc knights
  19 ugly things
  An iron dragon zombie (Crypt:3)
  12 wolf spiders
  A fire giant zombie (Crypt:3)
  2 orc sorcerers
  6 cyclopes
  61 deep elf magi
  4 manticores
  A salamander (shapeshifter) (Vaults:3)
  A salamander (Depths:3)
  The ghost of Ferkelamun the Slasher, a novice HaAK of Lugonu (D:5)
  An elephant (Lair:4)
  10 fauns
  3 merfolk sirens
  3 water nymphs
  2 rust devils (Depths:5)
  A black mamba (Lair:6)
  15 vault sentinels
  An eye of devastation (shapeshifter) (Depths:5)
  2 naga magi (D:15)
  2 rime drakes
  4 spiny frogs
  A torpor snail (Spider:2)
  A dire elephant skeleton (Crypt:1)
  An emperor scorpion zombie (Crypt:1)
  45 yaktaurs
  7 komodo dragons
  A pale draconian zombie (Crypt:2)
  6 freezing wraiths
  4 kobold demonologists
  An ice devil (Depths:5)
  4 demonic crawlers
  2 red devils
  12 trolls
  3 wind drakes (Shoals:4)
  A troll (shapeshifter) (Vaults:3)
  9 jumping spiders
  2 polar bears (shapeshifter)
  2 tengu conjurers
  A jumping spider (shapeshifter) (Vaults:2)
  12 merfolk
  14 hornets
  An ice dragon zombie (Crypt:1)
  2 bog bodies
  16 slime creatures
  A dream sheep (Shoals:2)
  A raiju (shapeshifter) (Elf:2)
  2 fire giant simulacra
  A stone giant simulacrum (Vaults:3)
  8 hippogriffs
  5 snapping turtles
  A hydra skeleton (Crypt:3)
  12 flying skulls (Crypt:3)
  An air elemental (Elf:3)
  8 tarantellas
  9 water elementals
  2 large abominations (Abyss:1)
  22 redbacks
  6 spriggans (Depths:5)
  4 wyverns
  A fire dragon skeleton (Crypt:1)
  11 yaks
  A fire bat (Shoals:4)
  2 steam dragons (D:8)
  A wraith (Crypt:2)
  2 fire elementals
  3 hungry ghosts
  A tarantella (shapeshifter) (Vaults:2)
  A golden eye (shapeshifter) (Vaults:4)
  A hog (D:8)
  A neqoxec (Depths:5)
  2 basilisks (shapeshifter)
  2 wargs
  An acid dragon (Vaults:2)
  6 water moccasins
  7 porcupines
  4 sky beasts
  A small abomination (Abyss:1)
  25 orc warriors
  A hornet zombie (D:14)
  9 ice beasts (IceCv)
  A black bear (shapeshifter) (D:15)
  7 necrophages
  30 ogres
  10 boggarts
  2 wolves (Lair:5)
  A swamp dragon zombie (Crypt:1)
  A manticore zombie (Crypt:3)
  12 centaurs
  A torpor snail zombie (Crypt:2)
  A dream sheep skeleton (Crypt:2)
  7 crocodiles
  A big kobold (D:9)
  10 bullfrogs
  A human zombie (Vaults:1)
  2 yaktaur skeletons (Vaults:1)
  A glowing shapeshifter simulacrum (Vaults:3)
  2 wyvern zombies
  A salamander skeleton (Crypt:2)
  3 killer bees
  3 scorpions
  A water moccasin skeleton (Crypt:2)
  3 wights (Crypt:1)
  A raiju skeleton (Crypt:2)
  8 electric eels
  2 howler monkeys
  2 centaur zombies
  4 crimson imps
  5 bullfrog zombies
  5 jellies
  16 orc priests
  3 hounds
  2 bullfrog skeletons
  2 centaur skeletons
  18 orc wizards
  5 iguanas
  An iguana (shapeshifter) (Depths:2)
  6 worker ants
  A killer bee zombie (D:10)
  A naga zombie (Crypt:2)
  A crocodile zombie (Crypt:1)
  A crocodile skeleton (Crypt:1)
  2 hound skeletons
  3 gnolls (D:6)
  2 howler monkey skeletons
  15 adders
  A white imp (Depths:1)
  A worm zombie (Crypt:1)
  2 adder skeletons (D:4)
  5 worms
  2 dart slugs
  3 leopard geckos
  55 orcs
  4 ball pythons
  9 bats
  4 giant cockroaches
  4 hobgoblins
  10 jackals
  11 kobolds
  3 quokkas
  A ball python skeleton (Crypt:2)
  10 frilled lizards
  3 goblins
  A jackal skeleton (D:4)
  A kobold zombie (Crypt:1)
  An orc zombie (Crypt:3)
  12 rats
  A fungus (Lair:6)
  A plant (Lair:2)
1287 creatures vanquished.

Vanquished Creatures (collateral kills)
  Margery (Crypt:3)
  2 liches
  A deep elf master archer (Elf:3)
  2 titans
  A deep elf blademaster (Elf:3)
  A sphinx (Depths:4)
  2 shadow dragons
  2 ancient champions (Crypt:2)
  The ghost of Feta the Severer, an adept MiFi of Nemelex Xobeh (Shoals:2)
  A storm dragon (Depths:3)
  A tengu reaver (Depths:4)
  A frost giant (Depths:3)
  A revenant (Crypt:2)
  An iron dragon (Depths:4)
  4 fire giants
  An orc warlord (Orc:2)
  5 emperor scorpions
  2 vault wardens
  A ghost moth (Spider:4)
  The ghost of Gobbopathe the Brawler, an adept VSTm of Qazlal (Shoals:2)
  Aizul (Spider:1)
  A cacodemon (Depths:1)
  A reaper (Depths:1)
  2 deep elf elementalists (Elf:3)
  10 ghouls
  7 very ugly things
  A war gargoyle (Crypt:3)
  3 stone giants
  Nessos (D:15)
  3 ironheart preservers
  3 deep elf demonologists (Elf:3)
  2 vampire knights
  A spark wasp (Spider:4)
  2 deep elf annihilators (Elf:3)
  A blizzard demon (Abyss:1)
  2 ettins
  A deep elf death mage (Elf:3)
  An eidolon (Crypt:1)
  A starcursed mass (Abyss:1)
  3 fire dragons
  5 merfolk javelineers
  7 merfolk impalers
  A crystal guardian (Crypt:3)
  6 ogre magi
  13 slime creatures
  2 great orbs of eyes
  A yaktaur captain (Vaults:2)
  An ice dragon (Depths:2)
  6 hydras
  3 rakshasas
  2 vault guards (Vaults:3)
  2 merfolk avatars (Shoals:4)
  The ghost of VirginKiller the Martial Artist, a journeyman DgSk (D:10)
  19 two-headed ogres
  4 satyrs
  7 centaur warriors
  3 dancing weapons
  A merfolk aquamancer (Shoals:1)
  2 death knights
  A vampire mage (Crypt:1)
  22 death yaks
  A tengu warrior (D:14)
  A deep troll earth mage (Depths:2)
  6 deep troll shamans
  Urug (Lair:5)
  2 orc high priests (Orc:2)
  4 hell knights
  A salamander mystic (Depths:3)
  A shadow wraith (Vaults:1)
  3 iron trolls
  2 sea snakes
  12 skeletal warriors
  2 fire crabs (Shoals:4)
  3 unseen horrors (D:14)
  9 deep trolls
  A swamp dragon (Lair:6)
  4 phantasmal warriors
  10 harpies
  A lindwurm (Lair:6)
  2 wizards
  Pikel (D:6)
  2 ironbrand convokers (Vaults:3)
  A wolf spider zombie (D:15)
  8 necromancers
  13 deep elf magi
  5 orc knights
  10 fauns
  2 orc sorcerers (Orc:2)
  23 wolf spiders
  13 orb spiders
  21 ugly things
  7 cyclopes
  A moth of wrath (Spider:1)
  A salamander (Depths:3)
  11 manticores
  6 black mambas
  11 elephants
  Joseph (Lair:1)
  6 merfolk sirens
  3 water nymphs
  A naga mage (D:15)
  A stone giant skeleton (Crypt:3)
  2 gargoyles
  2 centaur zombies (D:14)
  A rust devil (Abyss:1)
  A smoke demon (Abyss:1)
  A torpor snail (Lair:3)
  7 spiny frogs
  2 rime drakes
  A storm dragon simulacrum (Crypt:1)
  15 demonic crawlers
  3 freezing wraiths
  14 yaktaurs
  5 komodo dragons
  A white draconian skeleton (Crypt:2)
  2 ice devils (D:12)
  2 tengu conjurers (D:14)
  5 trolls
  A polar bear (Lair:3)
  10 jumping spiders
  11 merfolk
  9 hornets
  A hornet (shapeshifter) (D:14)
  4 wind drakes
  3 blink frogs (Lair:6)
  A wolf spider simulacrum (D:14)
  2 snapping turtles
  5 hippogriffs
  7 dream sheep
  A fire dragon zombie (Crypt:1)
  2 bog bodies
  An ice dragon zombie (Crypt:1)
  29 redbacks
  5 flying skulls (Crypt:3)
  An ettin skeleton (Crypt:3)
  24 tarantellas
  2 shadows
  4 wraiths
  6 water elementals
  A human (D:8)
  21 yaks
  A ynoxinul (Abyss:1)
  3 hogs (D:8)
  A wyvern (D:14)
  A large abomination (Abyss:1)
  A steam dragon (Lair:6)
  6 vampire mosquitoes
  5 basilisks
  2 hungry ghosts (D:14)
  5 water moccasins
  A warg (Vaults:3)
  4 acid dragons
  8 porcupines
  15 orc warriors
  2 swamp drakes (Lair:6)
  2 slaves (D:6)
  2 ice beasts (IceCv)
  A sky beast (D:7)
  2 necrophages (Crypt:1)
  17 ogres
  The ghost of baljet the Poker, an amateur MfSk (D:3)
  A boggart (Depths:2)
  5 centaurs
  A hog zombie (Crypt:1)
  A wolf (Lair:5)
  3 crocodiles
  2 big kobolds
  10 bullfrogs
  A gnoll sergeant (D:6)
  2 scorpions
  3 killer bees (D:9)
  2 wights (Crypt:1)
  A howler monkey (shapeshifter) (Depths:1)
  An electric eel (Spider:4)
  A howler monkey (D:10)
  6 crimson imps
  2 orc priests (Orc:2)
  A quasit (Abyss:1)
  3 hounds
  3 centaur skeletons
  11 orc wizards
  4 iguanas
  7 worker ants
  2 worker ant zombies
  2 gnolls (D:6)
  A river rat (shapeshifter) (Vaults:2)
  A scorpion zombie (Crypt:1)
  5 adders
  3 shadow imps
  36 orcs
  7 kobolds
  A leopard gecko skeleton (D:4)
  A leopard gecko zombie (D:8)
  2 rats
  A bush (Lair:2)
  4 crawling corpses (Elf:3)
  10 fungi
  46 plants
890 creatures vanquished.

Vanquished Creatures (others)
  A deep elf elementalist (Elf:3)
  A rakshasa (Depths:4)
  A deep elf knight (Elf:3)
  A yaktaur (Depths:2)
  A merfolk (Shoals:4)
  3 humans (Spider:3)
  A centaur (D:14)
  An orc priest (Orc:2)
  An iguana (Lair:6)
  A jackal skeleton (D:6)
  A bush (Lair:2)
  29 fungi
  84 plants
126 creatures vanquished.

Grand Total: 2303 creatures vanquished

Notes
Turn   | Place    | Note
-------+----------+-------------------------------------------
     0 | D:1      | vatarom the Demonspawn Necromancer began the quest for the Orb.
     0 | D:1      | Reached XP level 1. HP: 13/13 MP: 3/3
   237 | D:1      | Gained mutation: You are partially covered in large bone plates. (SH +4) [demonic ancestry]
   237 | D:1      | Reached XP level 2. HP: 17/20 MP: 0/5
   243 | D:1      | Reached skill level 1 in Fighting
   540 | D:1      | Learned a level 1 spell: Animate Skeleton
   959 | D:2      | Gained mutation: You are slightly more attuned to the shadows. [demonic ancestry]
   959 | D:2      | Reached XP level 3. HP: 23/27 MP: 0/6
  1165 | D:2      | Found a sparkling altar of Nemelex Xobeh.
  1543 | D:2      | Gained mutation: A weak demonic guardian rushes to your aid. [demonic ancestry]
  1543 | D:2      | Reached XP level 4. HP: 22/33 MP: 1/8
  1795 | D:2      | Reached skill level 5 in Necromancy
  1846 | D:2      | Learned a level 3 spell: Vampiric Draining
  2227 | D:3      | Learned a level 4 spell: Control Undead
  2323 | D:3      | Noticed baljet's ghost (amateur MfSk)
  2608 | D:3      | Killed baljet's ghost
  2608 | D:3      | Gained mutation: You are significantly more attuned to the shadows. [demonic ancestry]
  2608 | D:3      | Reached XP level 5. HP: 41/41 MP: 8/10
  2765 | D:4      | Noticed an ogre
  2780 | D:4      | Killed an ogre
  2780 | D:4      | Reached XP level 6. HP: 38/47 MP: 5/11
  2866 | D:4      | HP: 2/47 [ogre/giant club (28)]
  3091 | D:4      | Found a glowing golden altar of the Shining One.
  3187 | D:4      | Learned a level 4 spell: Animate Dead
  3674 | D:4      | Found a radiant altar of Vehumet.
  3972 | D:4      | Gained mutation: A demonic guardian rushes to your aid. [demonic ancestry]
  3972 | D:4      | Reached XP level 7. HP: 52/54 MP: 10/13
  3993 | D:4      | Found Qekes's Gadget Shop.
  4005 | D:4      | You fall through a shaft for 3 floors!
  4321 | D:6      | Found a staircase to the Ecumenical Temple.
  4333 | Temple   | Entered the Ecumenical Temple
  4349 | Temple   | Became a worshipper of Kikubaaqudgha
  4366 | D:6      | Found Duidexav's Assorted Antiques.
  4372 | D:6      | Bought a transparent robe for 176 gold pieces
  4372 | D:6      | Identified the cursed +0 robe "Ohoetodueh" {rF+ Str+3 Dex+4} (You bought it in a shop on level 6 of the Dungeon)
  4455 | D:6      | Reached skill level 5 in Fighting
  4455 | D:6      | Reached skill level 5 in Spellcasting
  4456 | D:6      | Reached skill level 6 in Necromancy
  4628 | D:5      | Entered Level 5 of the Dungeon
  4632 | D:5      | Reached XP level 8. HP: 51/63 MP: 13/16
  4761 | D:5      | Noticed Ferkelamun's ghost (novice HaAK)
  4773 | D:5      | Killed Ferkelamun's ghost
  4861 | D:5      | Learned a level 3 spell: Regeneration
  4940 | D:5      | Found Viesilli's Assorted Antiques.
  5165 | D:5      | Reached * piety under Kikubaaqudgha
  5165 | D:5      | Identified Kikubaaqudgha's Almanac of Dark Arts (Kikubaaqudgha gifted it to you on level 5 of the Dungeon)
  5165 | D:5      | Received a gift from Kikubaaqudgha
  5170 | D:5      | Learned a level 2 spell: Corpse Rot
  5625 | D:6      | Noticed Pikel
  5638 | D:6      | Killed Pikel
  5638 | D:6      | Reached skill level 7 in Necromancy
  5908 | D:6      | Gained mutation: You are mostly covered in large bone plates. (SH +6) [demonic ancestry]
  5908 | D:6      | Reached XP level 9. HP: 70/72 MP: 19/19
  7234 | D:7      | Found a deep blue altar of Sif Muna.
  7410 | D:7      | Reached skill level 1 in Evocations
  7850 | D:8      | Noticed a two-headed ogre
  7879 | D:8      | Killed a two-headed ogre
  7946 | D:8      | Found a runed door.
  7949 | D:8      | Noticed a sixfirhy
  8038 | D:8      | Learned a level 2 spell: Sublimation of Blood
  8057 | D:8      | Noticed a cyclops
  8063 | D:8      | Killed a cyclops
  8228 | D:8      | Reached skill level 8 in Necromancy
  8367 | D:8      | Found a staircase to the Lair.
  8423 | D:8      | Reached XP level 10. HP: 69/82 MP: 17/22
  8424 | D:8      | Found a white marble altar of Elyvilon.
  8876 | D:9      | Reached ** piety under Kikubaaqudgha
  9844 | D:9      | Reached skill level 5 in Evocations
 10106 | D:9      | Noticed a two-headed ogre
 10112 | D:9      | Killed a two-headed ogre
 10173 | D:10     | Entered Level 10 of the Dungeon
 10643 | D:10     | Noticed a two-headed ogre
 10650 | D:10     | Killed a two-headed ogre
 10994 | D:10     | Noticed VirginKiller's ghost (journeyman DgSk)
 11001 | D:10     | Reached *** piety under Kikubaaqudgha
 11001 | D:10     | Identified Kikubaaqudgha's Incunabulum of Dark Magic (Kikubaaqudgha gifted it to you on level 10 of the Dungeon)
 11001 | D:10     | Received a gift from Kikubaaqudgha
 11005 | D:10     | Killed VirginKiller's ghost
 11005 | D:10     | Reached skill level 10 in Fighting
 11012 | D:10     | Learned a level 5 spell: Agony
 11500 | D:11     | Noticed a cyclops
 11506 | D:11     | Killed a cyclops
 11512 | D:11     | Reached skill level 9 in Necromancy
 11512 | D:11     | Reached XP level 11. HP: 78/89 MP: 4/23
 11598 | D:11     | Noticed a two-headed ogre
 11608 | D:11     | Killed a two-headed ogre
 11766 | D:11     | Noticed an orc knight
 12073 | D:11     | Noticed a white ugly thing
 12276 | Lair:1   | Entered Level 1 of the Lair of Beasts
 12345 | Lair:1   | Noticed Joseph
 12357 | Lair:1   | Killed Joseph
 12711 | Lair:1   | Reached skill level 1 in Slings
 13916 | Lair:2   | Reached skill level 10 in Necromancy
 14232 | Lair:2   | Found a staircase to the Shoals.
 14902 | Lair:2   | Noticed a wolf spider
 14906 | Lair:2   | Killed a wolf spider
 15260 | Lair:3   | Reached XP level 12. HP: 49/98 MP: 9/25
 15335 | Lair:3   | Learned a level 6 spell: Death Channel
 15359 | Lair:3   | Gained mutation: You are weak. (Str -2) [potion of mutation]
 15359 | Lair:3   | Gained mutation: Your mind is acute. (Int +2) [potion of mutation]
 15434 | Lair:3   | Noticed a death yak
 15443 | Lair:3   | Killed a death yak
 15443 | Lair:3   | Reached **** piety under Kikubaaqudgha
 15495 | Lair:3   | Noticed a death yak
 15496 | Lair:3   | Noticed a death yak
 15498 | Lair:3   | Noticed a death yak
 15498 | Lair:3   | Noticed a death yak
 15498 | Lair:3   | Noticed a death yak
 15503 | Lair:3   | Noticed a death yak
 15503 | Lair:3   | Noticed a death yak
 15517 | Lair:3   | Killed a death yak
 15531 | Lair:3   | Killed a death yak
 15531 | Lair:3   | Reached skill level 10 in Spellcasting
 15535 | Lair:3   | Killed a death yak
 15535 | Lair:3   | Reached skill level 11 in Necromancy
 15538 | Lair:3   | Killed a death yak
 15539 | Lair:3   | Killed a death yak
 15542 | Lair:3   | Killed a death yak
 15544 | Lair:3   | Killed a death yak
 16037 | Lair:3   | Found a hole to the Spider Nest.
 16085 | Lair:3   | Noticed an eight-headed hydra
 16088 | Lair:3   | Killed an eight-headed hydra
 16118 | Lair:3   | Noticed a six-headed hydra
 16122 | Lair:3   | Killed a six-headed hydra
 16627 | Lair:4   | Noticed a death yak
 16627 | Lair:4   | Noticed a death yak
 16627 | Lair:4   | Noticed a death yak
 16627 | Lair:4   | Noticed a death yak
 16642 | Lair:4   | Killed a death yak
 16703 | Lair:4   | Noticed a death yak
 16709 | Lair:4   | Killed a death yak
 16709 | Lair:4   | Reached skill level 5 in Dodging
 16715 | Lair:4   | Killed a death yak
 16718 | Lair:4   | Killed a death yak
 16720 | Lair:4   | Killed a death yak
 16798 | Lair:4   | Reached skill level 12 in Necromancy
 17403 | Lair:4   | Noticed a seven-headed hydra
 17407 | Lair:4   | Killed a seven-headed hydra
 17407 | Lair:4   | Gained mutation: You resist negative energy. (rN+) [demonic ancestry]
 17407 | Lair:4   | Reached XP level 13. HP: 103/104 MP: 15/28
 18358 | Lair:5   | Noticed Urug
 18366 | Lair:5   | Killed Urug
 18532 | Lair:5   | Reached ***** piety under Kikubaaqudgha
 18828 | Lair:6   | Entered Level 6 of the Lair of Beasts
 18828 | Lair:6   | Found a viscous altar of Jiyva.
 18828 | Lair:6   | Found a staircase to the Slime Pits.
 19389 | Lair:6   | Reached skill level 13 in Necromancy
 19645 | Lair:6   | Noticed a fire dragon
 20037 | Lair:6   | Killed a fire dragon
 20985 | D:11     | Found a staircase to the Orcish Mines.
 21091 | D:11     | Found a portal to a secret trove of treasure.
 21297 | D:11     | Reached skill level 10 in Evocations
 21462 | D:12     | Learned a level 5 spell: Dispel Undead
 21598 | D:12     | Found a burning altar of Makhleb.
 21993 | D:12     | Found a frozen archway.
 22018 | D:12     | Gained mutation: You have large cloven feet. [demonic ancestry]
 22018 | D:12     | Reached XP level 14. HP: 84/113 MP: 30/30
 22034 | IceCv    | Entered an ice cave
 22787 | D:13     | Got a twitching iron ring
 22789 | D:13     | Identified the ring of Niuc {MR+ Dex+3} (You found it on level 13 of the Dungeon)
 22958 | D:13     | Found a gate to the Vaults.
 23378 | D:14     | HP: 3/113 [white ugly thing (12)]
 23713 | D:14     | Identified Irocick's Handbook of Air
 23729 | D:14     | Reached ****** piety under Kikubaaqudgha
 23870 | D:14     | Noticed a storm dragon
 23991 | D:14     | Killed a storm dragon
 23991 | D:14     | Reached skill level 14 in Necromancy
 24014 | D:14     | Got an uncursed crude dagger {pierce}
 24015 | D:14     | Identified the +5 dagger "Hydraslayer" {pierce, rElec rF+ rC- MP+9} (You took it off a yaktaur on level 14 of the Dungeon)
 24145 | D:14     | Got a dazzling war axe {speed}
 24146 | D:14     | Identified the +2 war axe of Tender Mercy {speed, rPois rF- Dex+9 Stlth+} (You took it off an orc on level 14 of the Dungeon)
 24521 | D:14     | Found a runed door.
 25188 | D:11     | Identified a +9 demon blade of pain (a +7 demon blade bloodied by Kikubaaqudgha)
 25188 | D:11     | Received a gift from Kikubaaqudgha
 25435 | D:8      | Got an ichor-stained ring mail
 25446 | D:8      | Identified the +1 ring mail of Forking Paths {rCorr Int+6} (You found it on level 8 of the Dungeon)
 25782 | D:14     | Reached skill level 1 in Armour
 25972 | D:14     | Reached skill level 1 in Shields
 26026 | D:15     | Entered Level 15 of the Dungeon
 26036 | D:15     | Reached skill level 1 in Long Blades
 26324 | D:15     | Reached XP level 15. HP: 104/120 MP: 31/31
 26375 | D:15     | Found a staircase to the Depths.
 26436 | D:15     | Noticed Nessos
 26444 | D:15     | Killed Nessos
 26651 | D:15     | Found Hofuvvom's General Store.
 27053 | Orc:1    | Entered Level 1 of the Orcish Mines
 27406 | Orc:1    | Noticed digijack's ghost (journeyman VSAs)
 27411 | Orc:1    | Killed digijack's ghost
 27442 | Orc:1    | Found Xuokhlued's Book Shoppe.
 27723 | Orc:2    | Entered Level 2 of the Orcish Mines
 27922 | Orc:2    | Found a gateway to a bazaar.
 27928 | Orc:2    | Noticed an orc warlord
 27940 | Bazaar   | Entered a bazaar
 27975 | Bazaar   | Found Aleo's Gadget Boutique.
 27981 | Bazaar   | Bought a lamp of fire for 680 gold pieces
 27981 | Bazaar   | Bought a box of beasts for 340 gold pieces
 27981 | Bazaar   | Bought a box of beasts for 340 gold pieces
 28030 | Bazaar   | Found Ruwnelepru's Magic Scroll Emporium.
 28036 | Bazaar   | Bought a scroll of magic mapping for 31 gold pieces
 28036 | Bazaar   | Bought a scroll of magic mapping for 31 gold pieces
 28036 | Bazaar   | Bought a scroll of teleportation for 27 gold pieces
 28036 | Bazaar   | Bought a scroll of teleportation for 27 gold pieces
 28092 | Bazaar   | Found Jouva's Jewellery Emporium.
 28149 | Bazaar   | Found Oczo's Jewellery Emporium.
 28367 | Orc:2    | Found a runed door.
 28402 | Orc:2    | Found a runed door.
 28481 | Orc:2    | Killed an orc warlord
 28607 | Orc:2    | Found a staircase to the Elven Halls.
 28685 | Orc:2    | Cast into level 1 of the Abyss (orc knight)
 28915 | Orc:2    | Escaped the Abyss
 29615 | Orc:2    | Reached skill level 5 in Long Blades
 29668 | Orc:2    | Found Fikhluqa's Magic Scroll Boutique.
 29668 | Orc:2    | Found Muock's Jewellery Emporium.
 29671 | Orc:2    | Found Vituutih's Distillery.
 29671 | Orc:2    | Found Ushrihorr's Gadget Emporium.
 29676 | Orc:2    | Bought a scroll of teleportation for 45 gold pieces
 29676 | Orc:2    | Bought a scroll of teleportation for 45 gold pieces
 29679 | Orc:2    | Bought a wand of clouds (4/9) for 240 gold pieces
 29681 | Orc:2    | Bought a box of beasts for 200 gold pieces
 29682 | Orc:2    | Bought 2 potions of heal wounds for 120 gold pieces
 29682 | Orc:2    | Bought a potion of heal wounds for 60 gold pieces
 29682 | Orc:2    | Lost mutation: You are weak. (Str -2) [potion of mutation]
 29682 | Orc:2    | Lost mutation: Your mind is acute. (Int +2) [potion of mutation]
 29682 | Orc:2    | Gained mutation: You are dopey. (Int -2) [potion of mutation]
 29682 | Orc:2    | Gained mutation: You are frail. (-10% HP) [potion of mutation]
 29682 | Orc:2    | Gained mutation: You have a pair of small horns on your head. [potion of mutation]
 29684 | Orc:2    | Bought 2 potions of mutation for 192 gold pieces
 29684 | Orc:2    | Lost mutation: You are dopey. (Int -2) [potion of mutation]
 29684 | Orc:2    | Lost mutation: You have a pair of small horns on your head. [potion of mutation]
 29684 | Orc:2    | Lost mutation: You are frail. (-10% HP) [potion of mutation]
 29684 | Orc:2    | Gained mutation: You are resistant to hostile enchantments. (MR+) [potion of mutation]
 29684 | Orc:2    | Gained mutation: You are highly resistant to hostile enchantments. (MR++) [potion of mutation]
 29699 | Orc:2    | Bought the ring "Ceteug" {rElec MR+ Str-3 Dex+4 Slay+6} for 786 gold pieces
 30241 | Spider:1 | Entered Level 1 of the Spider Nest
 30356 | Spider:1 | Found a transporter.
 30707 | Spider:1 | Noticed Aizul
 30738 | Spider:1 | Killed Aizul
 30856 | Spider:1 | Reached skill level 5 in Armour
 31063 | Spider:1 | Found a transporter.
 31430 | Spider:2 | Identified the Reference Book on Unstable Conjuration
 31457 | Spider:2 | Learned a level 1 spell: Apportation
 32222 | Spider:3 | Gained mutation: You are completely covered in large bone plates. (SH +8) [demonic ancestry]
 32222 | Spider:3 | Reached XP level 16. HP: 117/127 MP: 25/32
 32227 | Spider:3 | Noticed Kirke
 32237 | Spider:2 | Killed Kirke
 32595 | Spider:3 | Got a scorched demon whip
 32596 | Spider:3 | Identified the cursed +1 demon whip of the Pill Bug {drain, rF+} (You found it on level 3 of the Spider Nest)
 32818 | Spider:4 | Entered Level 4 of the Spider Nest
 33090 | Spider:4 | Got a crude mace
 33483 | Spider:4 | Got a gossamer rune of Zot
 33832 | Shoals:1 | Entered Level 1 of the Shoals
 33842 | Shoals:1 | Reached skill level 10 in Dodging
 34118 | Shoals:1 | Identified the +1 mace of the Feather {drain, Str+5 Int+2 Dex+3} (You found it on level 4 of the Spider Nest)
 34666 | Shoals:2 | Noticed Feta's ghost (adept MiFi)
 34673 | Shoals:2 | Killed Feta's ghost
 34676 | Shoals:2 | Noticed Gobbopathe's ghost (adept VSTm)
 34682 | Shoals:2 | Killed Gobbopathe's ghost
 35188 | Shoals:2 | Reached skill level 15 in Necromancy
 35266 | Shoals:3 | Reached XP level 17. HP: 77/133 MP: 27/34
 35301 | Shoals:3 | Found Efoculon's Island Escapes.
 35432 | Shoals:3 | Noticed Nikola
 35442 | Shoals:3 | Killed Nikola
 36017 | Shoals:4 | Entered Level 4 of the Shoals
 36257 | Shoals:4 | Identified the Guide on Cankerous Darkness
 36513 | Shoals:4 | Got a barnacled rune of Zot
 36558 | Shoals:4 | Noticed Ilsuiw
 36559 | Shoals:4 | Reached skill level 10 in Long Blades
 36565 | Shoals:4 | Noticed Bai Suzhen
 36579 | Shoals:4 | Killed Bai Suzhen
 36587 | Shoals:4 | Killed Ilsuiw
 36629 | Shoals:4 | Got a smoking silver ring
 36903 | Shoals:4 | Identified the ring "Camu" {rElec rPois Dex+3 Slay+2} (You took it off a merfolk siren on level 4 of the Shoals)
 36914 | Shoals:4 | Got a crude helmet
 36915 | Shoals:4 | Identified the +2 helmet of Defiance {rC+ rCorr Dex+2} (You found it on level 4 of the Shoals)
 37424 | Vaults:1 | Entered Level 1 of the Vaults
 38168 | Vaults:1 | Got a crude great mace
 38169 | Vaults:1 | Identified the cursed +0 great mace "Dotryank" {crush, rF+ MR- Str+3 Dex+3} (You found it on level 1 of the Vaults)
 38319 | Vaults:1 | Reached XP level 18. HP: 134/142 MP: 35/35
 39930 | Vaults:2 | Found a staircase to the Crypt.
 39930 | Vaults:2 | Found a basalt altar of Yredelemnul.
 39931 | Vaults:2 | Found an ancient bone altar of Kikubaaqudgha.
 40104 | Vaults:2 | Found Humirr's Weapon Shop.
 40926 | Vaults:3 | Reached skill level 16 in Necromancy
 41105 | Vaults:3 | Reached XP level 19. HP: 133/150 MP: 33/37
 41274 | Vaults:3 | Reached skill level 15 in Evocations
 41574 | Vaults:4 | Noticed Mennas
 43208 | Depths:1 | Entered Level 1 of the Depths
 43246 | Depths:1 | Noticed Asterion
 43479 | Depths:1 | Killed Asterion
 43795 | Depths:1 | Found Sodydoox's Antique Weapon Emporium.
 43857 | Depths:1 | Found a gateway to Hell.
 43956 | Depths:1 | Gained mutation: You are dopey. (Int -2) [a cacodemon]
 43958 | Depths:1 | Gained mutation: Your magical capacity is low. (-10% MP) [a cacodemon]
 44371 | Depths:2 | Gained mutation: You are completely attuned to the shadows. [demonic ancestry]
 44371 | Depths:2 | Reached XP level 20. HP: 129/159 MP: 28/34
 44375 | Depths:2 | Found a one-way gate to the infinite horrors of the Abyss.
 44395 | Depths:2 | Noticed Mara
 44408 | Depths:2 | Killed Mara
 45062 | Depths:3 | Found a one-way gate leading to the halls of Pandemonium.
 45103 | Depths:3 | Found a gateway to a ziggurat.
 45458 | Orc:2    | Bought a scroll of blinking for 112 gold pieces
 45458 | Orc:2    | Bought a scroll of blinking for 112 gold pieces
 45458 | Orc:2    | Bought a scroll of blinking for 112 gold pieces
 45458 | Orc:2    | Bought a scroll of blinking for 112 gold pieces
 45602 | D:11     | You paid a toll of 6 scrolls of blinking to enter a treasure trove
 45603 | Trove    | Entered a treasure trove
 45624 | Trove    | Identified a scroll of acquirement
 45640 | Trove    | Identified the Volume of the Voyage and the Birds
 45665 | Trove    | Got a clouded sapphire amulet
 45667 | Trove    | Identified the amulet "Econup" {RegenMP *Drain rF+ rC+} (You found it in a treasure trove)
 45758 | D:11     | Got a pair of twisted boots
 45769 | D:11     | Identified the +5 pair of boots of Tenacity {rN+ Dex+5} (You acquired it on level 11 of the Dungeon)
 46648 | Depths:3 | Reached skill level 15 in Spellcasting
 46727 | Depths:3 | Got a heavily runed chain mail
 46728 | Depths:3 | Identified the +3 chain mail "Paire" {*Contam rCorr Int+10} (You found it on level 3 of the Depths)
 46936 | Depths:3 | Reached skill level 17 in Necromancy
 47432 | Depths:4 | Found Tyhyemp's Demolitions Depot.
 47442 | Depths:4 | Gained mutation: You have hoof-like feet. [demonic ancestry]
 47442 | Depths:4 | Reached XP level 21. HP: 166/166 MP: 36/36
 47665 | Depths:4 | Noticed a golden dragon
 47673 | Depths:4 | Killed a golden dragon
 48032 | Depths:4 | Noticed a caustic shrike
 48037 | Depths:4 | Killed a caustic shrike
 48347 | Depths:4 | Noticed a golden dragon
 48430 | Depths:4 | Reached skill level 10 in Armour
 48485 | Depths:4 | Killed a golden dragon
 48692 | Depths:5 | Entered Level 5 of the Depths
 48875 | Depths:5 | Reached skill level 15 in Fighting
 49029 | Depths:5 | Found a gate to the Realm of Zot.
 49082 | Depths:5 | Found Becrozin's Antique Weapon Boutique.
 49846 | Depths:3 | Reached skill level 15 in Long Blades
 50095 | Elf:1    | Entered Level 1 of the Elven Halls
 50121 | Elf:1    | Reached skill level 5 in Stealth
 50196 | Elf:1    | Reached skill level 5 in Shields
 51177 | Elf:2    | Gained mutation: You have hooves in place of feet. [demonic ancestry]
 51177 | Elf:2    | Reached XP level 22. HP: 175/175 MP: 30/37
 51571 | Elf:2    | Found a huge runed gate.
 51571 | Elf:2    | Found a huge runed gate.
 51571 | Elf:2    | Found a huge runed gate.
 51571 | Elf:2    | Found a huge runed gate.
 51572 | Elf:2    | Found a huge runed gate.
 51703 | Elf:2    | Got a steaming golden ring
 51710 | Elf:2    | Got a faintly humming plate armour
 51711 | Elf:2    | Identified the cursed ring of Astres {*Slow rC++ Int-3} (You took it off a deep elf mage on level 2 of the Elven Halls)
 51713 | Elf:2    | Identified the +3 plate armour of the Bull {rCorr} (You found it on level 2 of the Elven Halls)
 51957 | Elf:3    | Entered Level 3 of the Elven Halls
 52409 | Elf:3    | Gained mutation: Scrolls take you a little longer to read. [a cacodemon]
 52418 | Elf:3    | Got a crude amethyst amulet
 52421 | Elf:3    | Identified the amulet "Siwnuwudoa" {Harm *Drain Str+3} (You took it off a deep elf mage on level 3 of the Elven Halls)
 52481 | Elf:3    | Got a brightly glowing wooden ring
 52835 | Elf:3    | Identified the ring of Letawikk {*Tele rElec rPois Str+2 Int-5} (You took it off a deep elf master archer on level 3 of the Elven Halls)
 52839 | Elf:3    | Identified the Reference Book on Unstable Beguiling
 52862 | Elf:3    | Learned a level 8 spell: Infestation
 52878 | Elf:3    | Got a fine quick blade
 52881 | Elf:3    | Identified the +1 quick blade "Conif" {pierce, MR+} (You found it on level 3 of the Elven Halls)
 52921 | Elf:3    | Got a twisted trident
 52924 | Elf:3    | Identified the +7 trident of the Last Yaks {antimagic, *Drain MR++ Dex+3 SInv} (You found it on level 3 of the Elven Halls)
 52930 | Elf:3    | Identified Vaazeitz's Catalogue of Burning Boosts
 53050 | Elf:3    | Noticed Jorgrun
 53057 | Elf:3    | Killed Jorgrun
 53182 | Elf:3    | Reached skill level 18 in Necromancy
 53638 | Shoals:4 | Got a glittering diamond amulet
 53641 | Shoals:4 | Identified the amulet of Bewiyff {RegenMP +Fly rF- MP+9 Slay+2} (You took it off a centaur on level 4 of the Shoals)
 54164 | Crypt:1  | Entered Level 1 of the Crypt
 55128 | Crypt:1  | Got a crude war axe
 55129 | Crypt:1  | Identified the +6 war axe of the Rattle-Snake {protect, rPois MR+ Int+3} (You found it on level 1 of the Crypt)
 55778 | Crypt:2  | Noticed Saint Roka
 55790 | Crypt:2  | Killed Saint Roka
 55790 | Crypt:2  | Gained mutation: A powerful demonic guardian rushes to your aid. [demonic ancestry]
 55790 | Crypt:2  | Reached XP level 23. HP: 138/182 MP: 33/38
 55810 | Crypt:2  | Reached skill level 19 in Necromancy
 56007 | Crypt:2  | Lost mutation: Your magical capacity is low. (-10% MP) [potion of mutation]
 56007 | Crypt:2  | Lost mutation: Scrolls take you a little longer to read. [potion of mutation]
 56007 | Crypt:2  | Lost mutation: You are dopey. (Int -2) [potion of mutation]
 56007 | Crypt:2  | Gained mutation: You are robust. (+10% HP) [potion of mutation]
 56584 | Crypt:3  | Entered Level 3 of the Crypt
 56755 | Crypt:3  | Noticed Margery
 56762 | Crypt:3  | Killed Margery
 56899 | Crypt:3  | Found a staircase to the Tomb.
 56937 | Crypt:3  | Reached skill level 20 in Necromancy
 57087 | Crypt:3  | Found an ancient bone altar of Kikubaaqudgha.
 57090 | Crypt:3  | Noticed Jory
 57090 | Crypt:3  | Noticed an ancient lich
 57104 | Crypt:3  | Killed Jory
 57109 | Crypt:3  | Killed from afar by a Brimstone Fiend

Skill      XL: |  1  2  3  4  5  6  7  8  9 10 11 12 13 14 15 16 17 18 19 20 21 22 23 |
---------------+----------------------------------------------------------------------+-----
Fighting       | 1 2 3 4 5 7 8 10 11 12 13 14 15 | 15.6
Necromancy     | 5 6 7 8 9 10 12 13 14 15 16 17 18 20 | 20.1
Spellcasting   | 3 4 5 6 8 9 11 12 13 14 15 16 | 16.9
Stealth        | 2 3 5 6 |  6.8
Evocations     | 3 6 7 8 10 13 14 15 | 15.8
Dodging        | 3 5 6 7 8 10 11 12 14 | 14.2
Slings         | 3 |  3.1
Armour         | 2 5 6 7 9 10 | 10.4
Shields        | 1 4 5 7 |  7.3
Long Blades    | 1 6 9 10 11 13 14 15 | 15.7

Action                   |  1- 3 |  4- 6 |  7- 9 | 10-12 | 13-15 | 16-18 | 19-21 | 22-24 || total
-------------------------+-------+-------+-------+-------+-------+-------+-------+-------++-------
Melee: Unarmed           |     8 |       |       |       |       |       |       |       ||     8
       Dagger            |    32 |   109 |   271 |   163 |    39 |       |       |       ||   614
       Staff             |       |       |       |   278 |   312 |       |       |       ||   590
       Demon blade       |       |       |       |       |   445 |   901 |  1209 |   622 ||  3177
       Kick              |       |       |       |       |       |       |       |   294 ||   294
 Fire: Hunting sling     |       |       |       |    28 |       |       |       |     1 ||    29
 Cast: Pain              |    58 |    59 |    50 |    85 |    15 |       |       |       ||   267
       Animate Skeleton  |     5 |    17 |    10 |    18 |     6 |     2 |       |       ||    58
       Vampiric Draining |       |     2 |    25 |    55 |    61 |     2 |       |       ||   145
       Animate Dead      |       |     1 |    18 |    46 |   114 |    99 |    51 |    11 ||   340
       Corpse Rot        |       |       |     2 |     6 |       |       |       |       ||     8
       Regeneration      |       |       |     1 |    17 |    83 |    54 |    35 |    18 ||   208
       Control Undead    |       |       |     1 |     3 |       |       |     1 |     1 ||     6
       Agony             |       |       |       |    52 |    83 |    15 |    11 |     3 ||   164
       Sublimation of Bl |       |       |       |    14 |    40 |    33 |     3 |     2 ||    92
       Death Channel     |       |       |       |     7 |    66 |    54 |    36 |     9 ||   172
       Dispel Undead     |       |       |       |       |    12 |    14 |    25 |    18 ||    69
       Infestation       |       |       |       |       |       |       |       |    12 ||    12
Invok: Receive Corpses   |       |       |     3 |     6 |    11 |     6 |     5 |       ||    31
       Brand Weapon With |       |       |       |       |     1 |       |       |       ||     1
       Torment           |       |       |       |       |       |     1 |     1 |       ||     2
Evoke: Wand              |       |       |     1 |    10 |     8 |     4 |       |       ||    23
       Box of beasts     |       |       |       |       |     3 |     1 |     1 |       ||     5
       Lamp of fire      |       |       |       |       |     1 |     1 |       |       ||     2
       Phial of floods   |       |       |       |       |     1 |       |       |       ||     1
  Use: Scroll            |     4 |     2 |     8 |     9 |    25 |    14 |     9 |    10 ||    81
       Potion            |       |     1 |     5 |    12 |    21 |     1 |     7 |     4 ||    51
 Stab: Sleeping          |       |     9 |    13 |     9 |    11 |    20 |    23 |    18 ||   103
       Distracted        |       |       |     2 |     1 |    17 |    30 |    33 |    12 ||    95
       Invisible         |       |       |       |     1 |       |       |       |       ||     1
  Eat: Chunk             |     3 |     6 |    20 |    51 |    32 |    22 |    13 |     4 ||   151
       Meat ration       |       |     1 |       |     2 |     4 |     4 |     4 |     1 ||    16
       Bread ration      |       |       |       |     1 |     7 |     1 |     2 |     2 ||    13
       Fruit             |       |       |       |       |     8 |     2 |     5 |     8 ||    23
Armor: Robe              |     5 |    17 |    44 |    95 |   103 |       |       |       ||   264
       Skin              |       |    11 |       |       |    18 |       |       |       ||    29
       Ring mail         |       |       |       |       |   233 |   236 |   252 |    80 ||   801
Dodge: Dodged            |    24 |    52 |   162 |   334 |   808 |   497 |   631 |   283 ||  2791
       Deflected         |       |       |       |       |       |       |       |     4 ||     4
Block: Other             |     6 |    11 |    65 |   152 |   184 |       |       |       ||   418
       Buckler           |       |       |       |       |   328 |   597 |   632 |   318 ||  1875
       Rpst.: Demon blade |       |       |       |       |    76 |    91 |   105 |    66 ||   338
